 Dungeon Crawl Stone Soup version 0.27.0-1-g7a089689b8 (webtiles) character file.

Game seed: 18131438057111311960

7 Spectrina the Ducker (level 1, -8/13 HPs)
             Began as a Deep Elf Monk on Aug 6, 2021.
             Mangled by a gnoll sergeant (13 damage)
             ... on level 5 of the Dungeon.
             The game lasted 00:02:44 (360 turns).

Spectrina the Ducker (Deep Elf Monk)                 Turns: 360, Time: 00:02:44

Health: -8/13      AC:  2    Str:  8    XL:     1   Next: 83%
Magic:  4/4        EV: 13    Int: 14    God:
Gold:   13         SH:  0    Dex: 17    Spells: 2/2 levels left

rFire    . . .     SeeInvis .   a - +0 short sword
rCold    . . .     Faith    .   (no shield)
rNeg     . . .     Spirit   .   b - +0 robe
rPois    .         Reflect  .   (no helmet)
rElec    .         Harm     .   (no cloak)
rCorr    .         Rampage  .   (no gloves)
Will     .....                  (no boots)
Stlth    ++........             (no amulet)
HPRegen  0.04/turn              (no ring)
MPRegen  0.09/turn              (no ring)

@: about to teleport
A: no striking features
a: no special abilities


You were on level 5 of the Dungeon.
You visited 1 branch of the dungeon, and saw 5 of its levels.

You collected 34 gold pieces.
You spent 21 gold pieces at shops.

Inventory:

Hand Weapons
 a - a +0 short sword (weapon)
Missiles
 e - 21 bolts
 g - 5 poisoned darts (quivered)
 h - 25 arrows
Armour
 b - a +0 robe (worn)
Scrolls
 c - 2 scrolls of identify {unknown}
 f - a scroll of enchant armour {unknown}
 i - a scroll of fog {unknown}
 j - a scroll of brand weapon {unknown}


   Skills:
 - Level 2.4 Fighting
 - Level 3.0 Short Blades
 - Level 3.6 Dodging
 - Level 2.4 Stealth
 + Level 1.3 Spellcasting
 + Level 1.0 Invocations


You had 2 spell levels left.
You didn't know any spells.
Your spell library was empty.

Dungeon Overview and Level Annotations

Branches:
Dungeon (5/15)
 Temple: D:4-7

Altars:

Shops:
D:3 *

Annotations:
D:5 Dowan, Duvessa


Message History

The hound closely misses you. The jackal bites you. The hound bites you.
Found 13 gold pieces.
The jackal misses you. The hound closely misses you.
You see here 10 gold pieces.
The hound closely misses you. The jackal closely misses you.
As you read the scroll labelled MUGUOJUT ZUCLYA, it crumbles to dust.
You feel strangely unstable.
It was a scroll of teleportation.
The hound closely misses you. The hound closely misses you.
Your surroundings suddenly seem different.
An endoplasm comes into view.
Found 10 gold pieces.
Found a stone staircase leading down.
Found a stone staircase leading down.
Found 24 arrows.
There is a stone staircase leading down here.
You climb downwards.
There is a stone staircase leading up here.
Unknown command.
Found 16 gold pieces and a scroll labelled ALI FUV DASAG.
Found a stone staircase leading down and a stone staircase leading up.
Found a scroll labelled ALI FUV DASAG. 2 orcs and Dowan come into view.
The orc shouts!
You hear a shout! x2
Dowan moves out of view.
Unknown command.
As you open the large door, it creaks loudly!
A gnoll sergeant comes into view. It is wielding a +0 spear.
The gnoll sergeant shouts!
You hear a shout!
You hear an angry hiss.
An adder comes into view.
Dowan shouts!
Found 13 gold pieces.
Found a stone staircase leading down.
Duvessa, Sister of Dowan comes into view.
She is wielding a +2 vampiric rapier and carrying a wand of polymorph (3).
Unknown command.
As you read the scroll of teleportation, it crumbles to dust.
You feel strangely unstable.
The adder hisses angrily.
The gnoll sergeant hits you from afar with a +0 spear!
Ouch! That really hurt!
You die...

...##..... .....?....e
>.<.....e. .....
.......#oo .........
.........####..... ...
.........'..##... ...#
.........g..##.##.....
#.......####...#....
#.....@..##.........
$.....$.........#
..>...?.......<.#
................#
..................#
........S......##.#
#..........##.......
..........###..##.#..
......... .... ...


You could see Duvessa, a gnoll sergeant, Dowan, an adder and 2 orcs.

Vanquished Creatures
  An orc (D:3)
  2 ball pythons
  A quokka (D:2)
  A bat (D:1)
  A rat (D:1)
6 creatures vanquished.

Notes
Turn   | Place    | Note
-------+----------+-------------------------------------------
     0 | D:1      | Spectrina the Deep Elf Monk began the quest for the Orb.
     0 | D:1      | Reached XP level 1. HP: 13/13 MP: 3/3
   179 | D:2      | Reached skill level 1 in Spellcasting
   209 | D:3      | Found Wagut's Assorted Antiques.
   213 | D:3      | Bought a scroll labelled LIURAF CEDAI for 21 gold pieces
   246 | D:4      | Noticed a hound
   246 | D:4      | Noticed an ogre
   258 | D:3      | Reached skill level 1 in Invocations
   350 | D:5      | Entered Level 5 of the Dungeon
   357 | D:5      | Noticed Dowan
   358 | D:5      | Noticed a gnoll sergeant
   360 | D:5      | Noticed Duvessa
   360 | D:5      | Mangled by a gnoll sergeant

Illustrated notes

Levels and vault maps discovered:
D:1:      dpeg_arrival_tiny_h, layout_loops_cross
D:2:      layout_loops_ring, ebering_ecumenical_altar_abandoned
D:3:      layout_basic, serial_shops, shop_fountains, uniq_natasha
D:4:      layout_rooms, mainiacjoe_overflow_catwalk,
          mainiacjoe_overflow_chevrons
D:5:      layout_cave_pools, nicolae_ru_awakened_eye, serial_gnoll_camp,
          grums_kennel, gnoll_camp_mini_loothouse, gnoll_camp_mini_hut,
          gnoll_camp_huts_moat, uniq_duvessa

Skill      XL: |  1 |
---------------+----+-----
Spellcasting   | 1 |  1.3
Invocations    | 1 |  1.0
Fighting       | |  2.4
Short Blades   | |  3.0
Dodging        | |  3.6
Stealth        | |  2.4

Action                   || total
-------------------------++-------
Melee: Short sword       ||    19
Throw: Dart              ||     4
  Use: Scroll            ||     2
       Potion            ||     1
 Stab: Sleeping          ||     2
Armor: Robe              ||     1
Dodge: Dodged            ||    18
